 Dungeon Crawl Stone Soup version 0.29-a0-251-g80730f7218 (webtiles) character file.

Game seed: 256409420648749366

43 sammy202020 the Skirmisher (level 3, -3/31 HPs)
             Began as a Palentonga Fighter on Mar 5, 2022.
             Slain by a gnoll
             ... wielding a +0 flail
              (5 damage)
             ... on level 2 of the Dungeon.
             The game lasted 00:03:00 (1447 turns).

sammy202020 the Skirmisher (Palentonga Fighter)     Turns: 1447, Time: 00:03:01

Health: -3/31      AC:  7    Str: 19    XL:     3   Next: 37%
Magic:  3/3        EV:  7    Int: 10    God:
Gold:   124        SH:  4    Dex:  9    Spells: 2/2 levels left

rFire   . . .      SeeInvis +   a - +0 war axe
rCold   . . .      Faith    .   c - +0 buckler
rNeg    . . .      Spirit   .   b - +0 scale mail
rPois   +          Reflect  .   (no helmet)
rElec   .          Harm     .   k - +0 cloak
rCorr   .          Rampage  .   (no gloves)
Will    .....                   (no barding)
Stlth   ..........              (no amulet)
HPRegen 0.10/turn               f - ring of poison resistance
MPRegen 0.08/turn               (no ring)

@: mighty
A: large, rugged brown scales 3, see invisible, deformed body, roll 1, armoured
tail
a: Rolling Charge


You were on level 2 of the Dungeon.
You visited 1 branch of the dungeon, and saw 2 of its levels.

You collected 124 gold pieces.

Inventory:

Hand Weapons
 a - a +0 war axe (weapon)
Armour
 b - a +0 scale mail (worn)
 c - a +0 buckler (worn)
 k - a +0 cloak (worn)
Jewellery
 f - a ring of poison resistance (left hand)
Scrolls
 g - 3 scrolls of identify {unknown}
 j - a scroll of enchant armour {unknown}
 l - a scroll of blinking {unknown}
Potions
 e - 2 potions of curing {unknown}
 h - a potion of magic {unknown}
 i - a potion of mutation {unknown}
 m - a potion of attraction {unknown}
 n - a potion of lignification {unknown}


   Skills:
 * Level 3.3 Fighting
 * Level 2.5 Axes
 * Level 2.8 Armour
 + Level 0.4 Dodging
 * Level 2.7 Shields


You had 2 spell levels left.
You didn't know any spells.
Your spell library contained the following spells:

 Spells                   Type           Power      Damage    Failure   Level
 Animate Skeleton         Necr           0%         N/A       80%         1
 Apportation              Tloc           0%         N/A       80%         1
 Summon Small Mammal      Summ           0%         N/A       80%         1


Dungeon Overview and Level Annotations

Branches:
Dungeon (2/15)

Altars:


Innate Abilities, Weirdness & Mutations

You are completely covered in rugged brown scales. (AC +3, +7% HP)
You have supernaturally acute eyesight. (SInv)
Armour fits poorly on your strangely shaped body.
You can roll at nearby foes to attack.
You have a long armoured tail.


Message History

The jackal bites you.
You miss the jackal. You block the jackal's attack.
You barely miss the jackal.
The jackal bites you but does no damage.
You block the jackal's attack.
You closely miss the jackal. The jackal bites you. x2
You closely miss the jackal. The jackal barely misses you.
The jackal bites you but does no damage.
You closely miss the jackal. You tail-slap the jackal.
The jackal is severely wounded.
The jackal closely misses you. You block the jackal's attack.
You closely miss the jackal.
The jackal is severely wounded.
The gnoll shouts!
The jackal bites you.
The jackal bites you but does no damage.
You barely miss the jackal.
The jackal is severely wounded.
The jackal closely misses you.
The jackal bites you but does no damage.
You closely miss the jackal. You tail-slap the jackal.
You kill the jackal!
The gnoll barely misses you.
You completely miss the gnoll. You tail-slap the gnoll.
The gnoll is lightly wounded.
The gnoll hits you with a +0 flail. The gnoll completely misses you.
You closely miss the gnoll.
The gnoll is lightly wounded.
The gnoll hits you with a +0 flail. The gnoll closely misses you.
The gnoll hits you with a +0 flail.
The gnoll hits you from afar with a +0 spear.
You slash the gnoll!
The gnoll is severely wounded.
The gnoll hits you with a +0 flail!
* * * LOW HITPOINT WARNING * * *
The gnoll hits you from afar with a +0 spear.
* * * LOW HITPOINT WARNING * * *
You feel very mighty all of a sudden. The gnoll hits you with a +0 flail.
You die...

.....##.##...##..#..#..#.........
###..# #...##..#..#..####....#.
....^# #.............# #....#.
####.# #...##..#..#..# #....#.
####.##................# #....#.
.....##......##..#...#.#######.#.
.................................
.....###...................###.#.
##########.#.###@#####.# #.#.
.......# #.#. #g# . #.## .[.....#
# #g# #.## .......#
#......gg.g.!.. #... .......#
#.#.#.#.##.g..# #.###.## .#######
#.#.# g..# #..[.... .######## #
... ..# #....... .'....... ... .#
#.###.## .######## ... # # #.#.


You could see 4 gnolls.

Vanquished Creatures
  An adder (D:2)
  A dart slug (D:1)
  A bat (D:1)
  3 endoplasms (D:1)
  3 giant cockroaches
  3 goblins
  3 hobgoblins (D:2)
  3 jackals (D:2)
  3 kobolds
  2 quokkas (D:1)
  A frilled lizard (D:1)
  4 rats
28 creatures vanquished.

Notes
Turn   | Place    | Note
-------+----------+-------------------------------------------
     0 | D:1      | sammy202020 the Palentonga Fighter began the quest for the
                  | Orb.
     0 | D:1      | Reached XP level 1. HP: 19/19 MP: 1/1
    72 | D:1      | Found a faded altar of an unknown god.
   200 | D:1      | Reached XP level 2. HP: 18/25 MP: 2/2
   864 | D:2      | Reached XP level 3. HP: 31/31 MP: 3/3
  1447 | D:2      | Slain by a gnoll

Illustrated notes

Levels and vault maps discovered:
D:1:      lightli_arrival_statue_moat, layout_basic,
          shapermc_ecumenical_altar_mp_ritualfount
D:2:      layout_basic

Action                   || total
-------------------------++-------
Melee: War axe           ||    76
       Tailslap          ||     6
 Abil: Rolling Charge    ||     8
  Use: Potion            ||     1
Armor: Scale mail        ||    46
Dodge: Dodged            ||    25
Block: Buckler           ||    15

Table legend: (Time is in decaauts)
 A = Elapsed time spent in this place.
 B = Non-inter-level travel time spent in this place.
 C = Inter-level travel time spent in this place.
 D = Time resting spent in this place.
 E = Time spent auto-exploring this place.
 F = Levels seen in this place.
 G = Mean time per level.
                   A        B        C        D        E       F      G
               +--------+--------+--------+--------+--------+-----+--------+
         Total |   1478 |   1448 |     30 |      0 |   1205 |   2 |  739.0 |
       Dungeon |   1478 |   1448 |     30 |      0 |   1205 |   2 |  739.0 |
               +--------+--------+--------+--------+--------+-----+--------+

Top non-repeatable levels by time:
     D:1: 836 daAuts
     D:2: 641 daAuts
